 Dungeon Crawl Stone Soup version 0.29-a0-492-g10b964d8d7 (webtiles) character file.

Game seed: 16852656071067945846

12469 Colgate the Fighter (level 12, -9/80 HPs)
             Began as a Kobold Brigand on May 27, 2022.
             Was a Believer of Ignis.
             Mangled by a sun demon (22 damage)
             ... in a volcano.
             The game lasted 00:52:25 (12714 turns).

Colgate the Fighter (Kobold Brigand)               Turns: 12714, Time: 00:52:26

Health: -9/80      AC: 11    Str: 10    XL:     12   Next: 20%
Magic:  11/18      EV: 19    Int: 20    God:    Ignis [**....]
Gold:   231        SH:  0    Dex: 18    Spells: 9/20 levels left

rFire   + + +      SeeInvis .   q - +1 short sword (distort)
rCold   . . .      Faith    .   (no shield)
rNeg    . . .      Spirit   .   k - +1 leather armour {rF+}
rPois   .          Reflect  .   V - +2 hat
rElec   .          Harm     .   c - +0 cloak
rCorr   .          Rampage  .   T - +0 pair of gloves
Will    .....                   I - +2 pair of boots
Stlth   ++++++....              X - amulet of regeneration
HPRegen 1.03/turn               v - +6 ring of intelligence
MPRegen 0.16/turn               U - ring of protection from fire

@: no status effects
A: small, no large weapons, nightstalker 3
a: Renounce Religion, Fiery Armour, Foxfire Swarm, Rising Flame


You were in a volcano.
You worshipped Ignis.
Ignis was pleased with you.
You visited 3 branches of the dungeon, and saw 12 of its levels.
You also visited: Volcano.

You collected 554 gold pieces.
You spent 323 gold pieces at shops.

Inventory:

Hand Weapons
 a - a +2 dagger
 b - a +3 spear of venom
 q - a +1 short sword of distortion (weapon)
 s - a +0 scimitar
 E - a +4 dagger
Missiles
 d - 52 poisoned darts (quivered)
 e - 9 curare-tipped darts
 i - 5 boomerangs
 D - 2 throwing nets {!f}
Armour
 c - a +0 cloak (worn)
 k - a +1 leather armour of fire resistance (worn)
 I - a +2 pair of boots (worn)
 T - a +0 pair of gloves (worn)
 V - a +2 hat (worn)
Jewellery
 v - a +6 ring of intelligence (left hand)
 F - the ring "Vuuxybee" {rN+ Dex+6}
   (You found it on level 1 of the Lair of Beasts)

   [ring of dexterity]

   Dex:       It affects your dexterity (+6).
   rN:        It protects you from negative energy.
 O - a ring of wizardry
 U - a ring of protection from fire (right hand)
 X - an amulet of regeneration (around neck)
Wands
 g - a wand of acid (6) {@v1}
 t - a wand of digging (6) {@v3}
 u - a wand of charming (7)
 M - a wand of iceblast (13) {@v2}
 P - a wand of paralysis (9)
Scrolls
 j - 2 scrolls of amnesia
 l - a scroll of enchant armour {unknown}
 m - 4 scrolls of fog
 n - a scroll of fear
 o - a scroll of enchant weapon {unknown}
 x - a scroll of immolation
 y - 4 scrolls of vulnerability
 A - a scroll of brand weapon {unknown}
 C - a scroll of summoning {unknown}
 H - a scroll of blinking {unknown}
 K - a scroll of poison {unknown}
 L - 4 scrolls of teleportation {@r3}
 Q - a scroll of noise {unknown}
 Z - a scroll of magic mapping {@r5}
Potions
 f - 3 potions of mutation
 h - 5 potions of haste {@q4}
 p - 2 potions of magic
 r - 4 potions of curing {@q1}
 w - 2 potions of might {@q3}
 z - a potion of ambrosia
 B - 4 potions of flight
 G - a potion of resistance {@q5}
 N - a potion of cancellation
 R - 2 potions of brilliance
 S - a potion of degeneration {unknown}
 W - a potion of lignification {unknown}


   Skills:
 - Level 11.0 Fighting
 - Level 6.0 Short Blades
 - Level 2.1 Throwing
 - Level 8.0 Dodging
 - Level 10.7 Stealth
 - Level 4.5 Spellcasting
 + Level 7.0 Conjurations
 - Level 8.0 Ice Magic
 - Level 1.0 Air Magic
 - Level 4.2 Evocations


You had 9 spell levels left.
You knew the following spells:

 Your Spells              Type           Power      Damage    Failure   Level
a - Freeze                Ice            100%       1d11      1%          1
b - Dazzling Flash        Conj/Hex       36%        N/A       12%         3
c - Hailstorm             Conj/Ice       34%        3d9       8%          4
d - Frozen Ramparts       Ice            72%        1d9       1%          3

Your spell library contained the following spells:

 Spells                   Type           Power      Damage    Failure   Level
 Necrotize                Necr           16%        1d4       17%         1
 Iskenderun's Mystic Bla  Conj/Tloc      18%        2d6       36%         4
 Vampiric Draining        Necr           4%         2d6       45%         3
 Agony                    Necr           4%         N/A       99%         5
 Starburst                Conj/Fire      9%         6d5       99%         6


Dungeon Overview and Level Annotations

Branches:
Dungeon (10/15)            Temple (1/1) D:4            Lair (1/6) D:9
    Orc (0/2) D:10        Volcano (1/1)

Altars:
Ashenzari
Cheibriados
Dithmenos
Elyvilon
Fedhas
Gozag
Hepliaklqana
Kikubaaqudgha
Makhleb
Nemelex Xobeh
Okawaru
Qazlal
Ru
Sif Muna
Trog
Uskayaw
Vehumet
Wu Jian
Xom
Yredelemnul
Zin
The Shining One
Ignis

Shops:
D:3 :   D:7 *

Annotations:
D:8 exclusions: obsidian statue and orange crystal statue
D:10 2 transporters
Abyss:1 Pikel


Innate Abilities, Weirdness & Mutations

You are small and have problems with some larger weapons.
You are completely attuned to the shadows.


Message History

The sun demon barely misses you.
You barely miss the sun demon.
The sun demon hits you but does no damage.
The sun demon hits you!!
You are engulfed in flames.
You resist.
You hit the sun demon.
The sun demon blinks!
You completely miss the sun demon. The sun demon closely misses you.
Casting: Dazzling Flash (dangerous; 12% risk of failure)
Aiming: Freeze (safe; 1% risk of failure)
Aim: a sun demon (almost dead, blind)
You freeze the sun demon.
The sun demon is frozen!
The sun demon hits you but does no damage. x2
The sun demon completely misses you.
Casting: Freeze (safe; 1% risk of failure)
Aiming: Freeze (safe; 1% risk of failure)
Aim: a sun demon You freeze the sun demon.
The sun demon is frozen!
The sun demon is no longer blind.
The sun demon hits you!
You are engulfed in flames.
You resist.
The sun demon hits you but does no damage.
The sun demon barely misses you.
Casting: Freeze (safe; 1% risk of failure)
Aiming: Freeze (safe; 1% risk of failure)
Aim: a sun demon (lightly wounded)
You freeze the sun demon!
The sun demon is frozen!
The sun demon hits you.
You are engulfed in flames.
You resist. The sun demon hits you!!
* * * LOW HITPOINT WARNING * * *
You are engulfed in flames.
You resist.
* * * LOW HITPOINT WARNING * * *
Casting: Freeze (safe; 1% risk of failure)
Aiming: Freeze (safe; 1% risk of failure)
Aim: a sun demon (almost dead)
You freeze the sun demon.
The sun demon is frozen!
The sun demon misses you. The sun demon barely misses you.
Casting: Freeze (safe; 1% risk of failure)
Aiming: Freeze (safe; 1% risk of failure)
Aim: a sun demon (almost dead)
You freeze the sun demon.
The sun demon is frozen!
You kill the sun demon!
The sun demon hits you!!
You die...

#.......§..####
......§§#
...........#
..#≈.≈§.§
....##.#..##
####.#§.#
....#######
#....# ..###
#...## ..#
##...# ..#
##...## .##
########....#
.#
#8..8@.....##
## +....3....##
# +........##
## #8..8...##
∩# ######### ##
#


You could see a sun demon.

Vanquished Creatures
  3 two-headed ogres
  4 sun demons (Volcano)
  A lindwurm (Lair:1)
  A smoke demon (Volcano)
  A troll (D:9)
  A hornet (D:10)
  A wraith (D:10)
  8 yaks
  3 wyverns
  4 steam dragons (Volcano)
  A water moccasin (D:9)
  2 hell hounds (Volcano)
  An orc warrior (D:9)
  A sky beast (D:7)
  2 black bears
  An ice beast (D:8)
  2 centaurs
  An ogre (D:6)
  5 phantoms
  A kobold brigand (D:7)
  4 bullfrogs
  2 gnoll sergeants
  7 scorpions
  10 wights
  5 killer bees (D:8)
  7 howler monkeys
  An orc priest (D:10)
  2 jellies (D:8)
  3 hounds
  Ijyb (D:3)
  Terence (D:2)
  5 iguanas
  2 orc wizards
  Robin (D:3)
  14 gnolls
  8 adders
  A shadow imp (D:6)
  3 white imps
  2 worms
  13 orcs
  2 ball pythons
  4 bats
  5 endoplasms
  4 giant cockroaches
  11 goblins
  6 hobgoblins
  6 kobolds
  5 quokkas
  3 frilled lizards
  5 rats
187 creatures vanquished.

Vanquished Creatures (others)
  21 foxfires (D:9)
  7 fungi
  8 plants
36 creatures vanquished.

Grand Total: 223 creatures vanquished

Notes
Turn   | Place    | Note
-------+----------+-------------------------------------------
     0 | D:1      | Colgate the Kobold Brigand began the quest for the Orb.
     0 | D:1      | Reached XP level 1. HP: 12/12 MP: 1/1
     0 | D:1      | Noticed a felid
     1 | D:1      | Noticed an octopode
     3 | D:1      | Noticed a barachi
     3 | D:1      | Noticed a barachi
     5 | D:1      | Noticed a barachi
     5 | D:1      | Noticed a demonspawn
     7 | D:1      | Noticed a troll
     8 | D:1      | Noticed a ghoul
    13 | D:1      | Noticed a tengu
    13 | D:1      | Noticed a draconian
    15 | D:1      | Noticed a naga
    17 | D:1      | Noticed a naga
    19 | D:1      | Noticed a demonspawn
    20 | D:1      | Noticed a ghoul
    25 | D:1      | Noticed a demigod
   341 | D:1      | Reached XP level 2. HP: 17/17 MP: 2/2
  1294 | D:2      | Reached XP level 3. HP: 21/21 MP: 3/3
  1338 | D:2      | Noticed Terence
  1349 | D:2      | Killed Terence
  1626 | D:2      | Found a faded altar of an unknown god.
  1631 | D:2      | Prayed at the altar of an unknown god.
  1631 | D:2      | Became a worshipper of Ignis, the Dying Flame
  1745 | D:2      | Reached XP level 4. HP: 26/26 MP: 4/4
  2321 | D:3      | Noticed Ijyb
  2333 | D:3      | Killed Ijyb
  2334 | D:3      | Reached skill level 5 in Short Blades
  2334 | D:3      | Reached XP level 5. HP: 30/30 MP: 5/5
  2421 | D:3      | Found Luqovog's Book Shoppe.
  2482 | D:3      | Found a radiant altar of Vehumet.
  2484 | D:3      | Noticed Robin
  2501 | D:3      | Killed Robin
  2888 | D:3      | Found a snail-covered altar of Cheibriados.
  3298 | D:4      | Noticed an ogre
  3305 | D:4      | Banished an ogre
  3306 | D:4      | Reached skill level 3 in Fighting
  3306 | D:4      | Reached XP level 6. HP: 21/38 MP: 6/6
  3484 | D:4      | Found a staircase to the Ecumenical Temple.
  3521 | Temple   | Entered the Ecumenical Temple
  3690 | D:4      | Reached skill level 4 in Fighting
  3980 | D:4      | Noticed a black bear
  3985 | D:4      | Killed a black bear
  3986 | D:4      | Reached XP level 7. HP: 44/44 MP: 7/7
  4118 | D:4      | You fall into a shaft and drop 2 floors!
  4125 | D:6      | Reached skill level 5 in Fighting
  4156 | D:5      | Entered Level 5 of the Dungeon
  4641 | D:4      | Found an ornate altar of the Wu Jian Council.
  4690 | D:4      | Found an iron altar of Okawaru.
  4816 | D:5      | Reached skill level 6 in Fighting
  4835 | D:5      | Reached XP level 8. HP: 24/51 MP: 8/8
  5077 | D:5      | Reached skill level 5 in Dodging
  5491 | D:5      | Reached skill level 7 in Fighting
  6254 | D:6      | Reached skill level 8 in Fighting
  6254 | D:6      | Reached XP level 9. HP: 59/59 MP: 9/9
  6301 | D:6      | Reached skill level 9 in Fighting
  6301 | D:6      | HP: 1/57 [wight/+3 trident (2)]
  6750 | D:6      | Reached skill level 10 in Fighting
  6865 | D:6      | Noticed Pikel
  6876 | D:6      | Banished Pikel
  6877 | D:6      | Reached skill level 10 in Stealth
  7296 | D:7      | Reached XP level 10. HP: 68/68 MP: 10/10
  7514 | D:7      | Found Wyse's CLEARANCE SALE!.
  7521 | D:7      | Bought a potion of curing for 15 gold pieces
  7805 | D:8      | Reached skill level 11 in Fighting
  7813 | D:8      | Noticed an obsidian statue
  7894 | D:8      | Reached skill level 1 in Evocations
  8116 | D:8      | Noticed an orange crystal statue
  8324 | D:8      | Reached skill level 1 in Ice Magic
  8529 | D:8      | Reached skill level 1 in Spellcasting
  9037 | D:9      | Reached skill level 5 in Ice Magic
  9111 | D:9      | Reached skill level 1 in Conjurations
  9295 | D:9      | Reached XP level 11. HP: 72/74 MP: 14/14
  9305 | D:9      | Noticed a two-headed ogre
  9311 | D:9      | Killed a two-headed ogre
  9362 | D:9      | Found a sacrificial altar of Ru.
  9434 | D:9      | Found an opulent altar of Gozag.
  9512 | D:9      | Reached skill level 5 in Conjurations
  9972 | D:9      | Found a staircase to the Lair.
 10110 | D:9      | Found a shimmering altar of Xom.
 10234 | D:9      | Noticed a two-headed ogre
 10240 | D:9      | Killed a two-headed ogre
 10390 | D:3      | Bought a book of Frost for 308 gold pieces
 10392 | D:3      | Learned a level 1 spell: Freeze
 10396 | D:3      | Learned a level 3 spell: Dazzling Flash
 10401 | D:3      | Learned a level 4 spell: Hailstorm
 10405 | D:3      | Learned a level 3 spell: Frozen Ramparts
 11089 | D:10     | Entered Level 10 of the Dungeon
 11309 | D:10     | Noticed a two-headed ogre
 11323 | D:10     | Killed a two-headed ogre
 11612 | D:10     | Found a staircase to the Orcish Mines.
 11745 | D:10     | Found a transporter.
 11798 | D:10     | Found a transporter.
 11803 | D:10     | Noticed a moth of wrath
 11891 | D:10     | Found a hide-covered altar of Uskayaw.
 12063 | Lair:1   | Entered Level 1 of the Lair of Beasts
 12172 | Lair:1   | Found a dark tunnel.
 12172 | Lair:1   | Noticed a lindwurm
 12199 | Lair:1   | Killed a lindwurm
 12232 | Lair:1   | Identified the ring "Vuuxybee" {rN+ Dex+6}
 12291 | Volcano  | Entered a volcano
 12324 | Volcano  | Noticed a sun demon
 12332 | Volcano  | Killed a sun demon
 12434 | Volcano  | Reached skill level 1 in Air Magic
 12434 | Volcano  | Reached XP level 12. HP: 77/80 MP: 1/18
 12613 | Volcano  | Noticed a sun demon
 12620 | Volcano  | Killed a sun demon
 12646 | Volcano  | Noticed a sun demon
 12654 | Volcano  | Killed a sun demon
 12698 | Volcano  | Noticed a sun demon
 12698 | Volcano  | Noticed a sun demon
 12714 | Volcano  | Killed a sun demon
 12714 | Volcano  | Mangled by a sun demon

Illustrated notes

Levels and vault maps discovered:
D:1:      shiori_arrival_whats_in_store_for_you, layout_basic, minivault_25
D:2:      layout_basic, dilly_ecumenical_altar_fadedgnrine, uniq_terence
D:3:      layout_basic, mainiacjoe_overflow_alcove_1,
          nicolae_overflow_crystal_walls, serial_shops, shop, uniq_ijyb,
          uniq_robin
D:4:      layout_rooms, nicolae_wu_jian_glorious_leap, kennysheep_little_box,
          minmay_temple_entry_stoned_glass
D:5:      layout_basic, minmay_misc_feat_cross
D:6:      layout_cave_pools, hangedman_minor_gate_pass, uniq_pikel
D:7:      layout_rooms, nicolae_shop_clearance
D:8:      minmay_separated_statues, layout_cave_pods
D:9:      layout_roguey, xom_butterflies, mainiacjoe_overflow_catwalk_spiral,
          grunt_lair_entry_orc_guard_hut
D:10:     layout_big_octagon, eat_drink_and_be_merry_uskayaw,
          gammafunk_ghost_berserking_beasts, grunt_decor_resistance
Temple:   nicolae_temple_great_sept
Lair:1:   layout_gridlike, nicolae_volcano_entry_vermiform,
          serial_bayou_shore_a, infiniplex_staircase_pool
Volcano:  hellmonk_smoking_crater

Skill      XL: |  1  2  3  4  5  6  7  8  9 10 11 12 |
---------------+-------------------------------------+-----
Short Blades   | 3 4 5 6 |  6.0
Stealth        | 6 7 8 10 | 10.7
Fighting       | 3 4 6 8 10 11 | 11.0
Dodging        | 3 4 5 6 7 8 |  8.0
Evocations     | 3 4 |  4.2
Ice Magic      | 5 7 8 |  8.0
Spellcasting   | 2 4 |  4.5
Conjurations   | 2 6 7 |  7.0
Air Magic      | 1 |  1.0
Throwing       | |  2.1

Action                   |  1- 3 |  4- 6 |  7- 9 | 10-12 || total
-------------------------+-------+-------+-------+-------++-------
Melee: Dagger            |    49 |    31 |       |       ||    80
       Spear             |    23 |       |       |       ||    23
       Punch             |     2 |     1 |     1 |     1 ||     5
       Short sword       |       |    78 |   129 |   230 ||   437
Throw: Dart              |       |     1 |       |     3 ||     4
 Cast: Freeze            |       |       |       |    29 ||    29
       Hailstorm         |       |       |       |    13 ||    13
       Frozen Ramparts   |       |       |       |     4 ||     4
       Dazzling Flash    |       |       |       |     3 ||     3
Invok: Fiery Armour      |       |     3 |     3 |     1 ||     7
       Foxfire Swarm     |       |       |       |     1 ||     1
  Use: Scroll            |       |     4 |     7 |     7 ||    18
 Stab: Sleeping          |    11 |    13 |    27 |    22 ||    73
       Distracted        |       |       |     2 |     2 ||     4
       Invisible         |       |       |       |     1 ||     1
Armor: Robe              |     4 |       |       |       ||     4
       Leather armour    |     9 |    34 |    34 |    30 ||   107
       Skin              |     1 |       |       |       ||     1
       Troll leather arm |       |       |       |     5 ||     5
Dodge: Dodged            |    40 |    71 |    89 |   117 ||   317
Block: Buckler           |       |       |    26 |    49 ||    75
       Other             |       |       |       |     7 ||     7

Table legend: (Time is in decaauts)
 A = Elapsed time spent in this place.
 B = Non-inter-level travel time spent in this place.
 C = Inter-level travel time spent in this place.
 D = Time resting spent in this place.
 E = Time spent auto-exploring this place.
 F = Levels seen in this place.
 G = Mean time per level.
                   A        B        C        D        E       F      G
               +--------+--------+--------+--------+--------+-----+--------+
         Total |  12650 |  11829 |    821 |    486 |   9449 |  13 |  973.1 |
       Dungeon |  11864 |  11102 |    762 |    410 |   9064 |  10 | 1186.4 |
        Temple |    144 |    130 |     14 |      0 |    117 |   1 |  144.0 |
          Lair |    223 |    178 |     45 |     13 |      0 |   1 |  223.0 |
       Volcano |    417 |    417 |      0 |     63 |    268 |   1 |  417.0 |
               +--------+--------+--------+--------+--------+-----+--------+

Top non-repeatable levels by time:
     D:9: 1920 daAuts
     D:8: 1470 daAuts
     D:5: 1431 daAuts
     D:1: 1265 daAuts
     D:6: 1166 daAuts
     D:4: 1097 daAuts
     D:2: 1007 daAuts
     D:3: 981 daAuts
    D:10: 872 daAuts
     D:7: 650 daAuts
 Volcano: 417 daAuts
  Lair:1: 223 daAuts
  Temple: 144 daAuts
